 Dungeon Crawl Stone Soup version 0.25.1-1-g288607f5aa (webtiles) character file.

Game seed: 4182143447930616292

114 Superazbuka the Ruffian (level 4, -1/36 HPs)
             Began as a Draconian Transmuter on July 22, 2020.
             Slain by an iguana (10 damage)
             ... on level 3 of the Dungeon.
             The game lasted 00:03:52 (2070 turns).

Superazbuka the Ruffian (Draconian Transmuter)      Turns: 2070, Time: 00:03:53

Health: -1/36      AC:  5    Str: 13    XL:     4   Next: 67%
Magic:  6/7        EV: 12    Int: 14    God:
Gold:   151        SH:  0    Dex: 11    Spells: 4/8 levels left

rFire    . . .     SeeInvis .     - Unarmed
rCold    . . .     Gourm    .   (no shield)
rNeg     . . .     Faith    .   (armour unavailable)
rPois    .         Spirit   .   (helmet restricted)
rElec    .         Reflect  .   (no cloak)
rCorr    .         Harm     .   (no gloves)
MR       .....                  (boots currently unavailable)
Stlth    +.........             (no amulet)
HPRegen  0.12/turn              n - ring of wizardry
MPRegen  0.10/turn              (no ring)

@: appendage
A: unfitting armour, talons 3, cold-blooded, AC +5
a: End Transformation


You were on level 3 of the Dungeon.
You were not hungry.
You had grown temporary talons.
You visited 1 branch of the dungeon, and saw 3 of its levels.

You collected 151 gold pieces.

Inventory:

Missiles
 a - 78 arrows
Jewellery
 n - a ring of wizardry (left hand)
Scrolls
 f - a scroll of random uselessness {unknown}
 g - 3 scrolls of identify {unknown}
 h - a scroll of fog {unknown}
 k - a scroll of fear {unknown}
 m - a scroll of immolation {unknown}
 o - a scroll of amnesia {unknown}
Potions
 e - a potion of lignification {unknown}
 i - a potion of ambrosia {unknown}
 j - a potion of degeneration {unknown}
 l - a potion of flight {unknown}
Comestibles
 b - 4 chunks of flesh
 c - 4 rations


   Skills:
 + Level 2.2 Fighting
 + Level 2.4 Dodging
 + Level 3.5 Unarmed Combat
 + Level 2.6 Spellcasting
 + Level 2.8 Transmutations
 * Level 1.0 Poison Magic


You had 4 spell levels left.
You knew the following spells:

 Your Spells              Type           Power        Failure   Level  Hunger
a - Beastly Appendage     Tmut           #.....       2%          1    #......
b - Spider Form           Tmut/Pois      #.........   12%         3    ###....

Your spell library contained the following spells:

 Spells                   Type           Power        Failure   Level  Hunger
 Sticks to Snakes         Tmut           #.......     4%          2    ###....
 Confusing Touch          Hex            #.......     26%         3    ###....
 Gell's Gravitas          Tloc           #.........   26%         3    ###....
 Ice Form                 Ice/Tmut       #.......     43%         4    #####..
 Petrify                  Tmut/Erth      #.......     43%         4    #####..
 Blade Hands              Tmut           #.........   58%         5    ######.
 Yara's Violent Unravell  Hex/Tmut       #.........   77%         5    ######.
 Metabolic Englaciation   Hex/Ice        #.........   91%         5    ######.


Dungeon Overview and Level Annotations

Branches:
Dungeon (3/15)

Altars:
Makhleb


Innate Abilities, Weirdness & Mutations

Your plain brown scales are hard. (AC +5)
You cannot fit into any form of body armour.
You are cold-blooded and may be slowed by cold attacks.
You have claws for feet.


Message History

You hit the iguana but do no damage.
The iguana is moderately wounded.
The iguana closely misses you.
Casting: Beastly Appendage (safe; 2% risk of failure)
Confirm with . or Enter, or press ? or * to list all spells.
Your feet morph into talons.
The iguana bites you but does no damage.
You hit the iguana but do no damage. You claw the iguana, but do no damage.
The iguana is moderately wounded.
It was a potion of curing.
You feel better. The iguana bites you!
* * * LOW HITPOINT WARNING * * *
You feel better. The iguana completely misses you.
You completely miss the iguana. Your kick misses the iguana.
The iguana is moderately wounded.
The iguana bites you!
* * * LOW HITPOINT WARNING * * *
You barely miss the iguana. You tail-slap the iguana. You punch the iguana.
The iguana is heavily wounded.
The iguana bites you!
You die...

#..##.#..##...###..........
#............. #.......###
#.###.S.....# #.......###
##........####. ##..##....).
#.^.......# #.##........###
#...####.#####...........#
#...# #.†..##.....####..#
#...# ####l##.##.## #..###
#...#### #@##.##.#####.....
#......####.##...........###
#......+....................
#......####.##.######....###
#......# #.##.# #.#.##
#......# #....######.#.#
######.# #.#......##.#.# #.#
#.#..###.##.#.# #<# #.#..#
#.##.#.#


You could see an iguana.

Vanquished Creatures
  A hound (D:2)
  An adder (D:3)
  2 worms
  A dart slug (D:1)
  A leopard gecko (D:3)
  4 orcs (D:3)
  7 bats
  7 giant cockroaches
  5 goblins
  6 hobgoblins
  5 jackals
  3 ball pythons (D:3)
  6 frilled lizards
  7 kobolds
  5 rats
61 creatures vanquished.

Notes
Turn   | Place    | Note
-------+----------+-------------------------------------------
     0 | D:1      | Superazbuka the Draconian Transmuter began the quest for
                  | the Orb.
     0 | D:1      | Reached XP level 1. HP: 16/16 MP: 3/3
   198 | D:1      | Reached XP level 2. HP: 23/23 MP: 3/5
   809 | D:2      | Reached XP level 3. HP: 28/29 MP: 4/6
   845 | D:2      | Found a burning altar of Makhleb.
  1293 | D:2      | Learned a level 3 spell: Spider Form
  1310 | D:3      | Reached XP level 4. HP: 35/36 MP: 5/7
  2052 | D:3      | Reached skill level 1 in Poison Magic
  2070 | D:3      | Slain by an iguana

Illustrated notes

Levels and vault maps discovered:
D:1:      lemuel_arrival_rhombus, layout_basic
D:2:      layout_basic, makhleb_heckhound_becter
D:3:      layout_basic, chequers_ecumenical_altar_twisty,
          kennysheep_nondescript, xom_teletrap_fun

Skill      XL: |  1  2  3  4 |
---------------+-------------+-----
Dodging        | 2 |  2.4
Fighting       | 2 |  2.2
Poison Magic   | 1 |  1.0
Unarmed Combat | |  3.5
Spellcasting   | |  2.6
Transmutations | |  2.8

Action                   |  1- 3 |  4- 6 || total
-------------------------+-------+-------++-------
Melee: Unarmed           |   107 |   103 ||   210
       Tailslap          |     6 |     8 ||    14
       Headbutt          |     7 |     7 ||    14
       Kick              |     3 |    10 ||    13
       Punch             |     1 |     3 ||     4
 Cast: Beastly Appendage |    21 |    14 ||    35
  Use: Potion            |       |     2 ||     2
  Eat: Chunk             |     2 |     3 ||     5
Armor: Skin              |    29 |    25 ||    54
Dodge: Dodged            |    60 |    76 ||   136
